 Dungeon Crawl Stone Soup version 0.31.0-12-g77e489cdc1 (webtiles) character file.

Game seed: 15647681759648720063

38 KKCryptic the Poker (level 3, 0/27 HPs)
             Began as a Demonspawn Gladiator on Feb 16, 2024.
             Slain by Crazy Yiuf
             ... wielding a +3 quarterstaff of chaos
              (14 damage)
             ... on level 2 of the Dungeon.
             The game lasted 00:04:34 (1796 turns).

KKCryptic the Poker (Demonspawn Gladiator)          Turns: 1796, Time: 00:04:34

Health: 0/27       AC:  4    Str: 14    XL:     3   Next: 25%
Magic:  3/3        EV: 12    Int: 10    God:
Gold:   129        SH:  0    Dex: 14    Spells: 2/2 levels left

rFire   . . .        a - +0 trident
rCold   . . .        (no shield)
rNeg    . . .        b - +0 leather armour
rPois   .            c - +0 helmet
rElec   .            (no cloak)
rCorr   .            (no gloves)
SInv    .            (no boots)
Will    .....        (no amulet)
Stlth   +            (no ring)
HPRegen 0.24/turn    (no ring)
MPRegen 0.08/turn

%: no passive effects
@: no status effects
A: foul stench 1
a: no special abilities


You were on level 2 of the Dungeon.
You visited 1 branch of the dungeon, and saw 2 of its levels.

You collected 129 gold pieces.

Inventory:

Hand Weapons
 a - a +0 trident (weapon)
Missiles
 d - 2 throwing nets
 o - 9 stones (quivered)
Armour
 b - a +0 leather armour (worn)
 c - a +0 helmet (worn)
Scrolls
 f - a scroll of poison {unknown}
 g - a scroll of identify {unknown}
 j - a scroll of blinking {unknown}
 m - 3 scrolls of teleportation {unknown}
 p - a scroll of noise {unknown}
 r - 2 scrolls of amnesia {unknown}
Potions
 h - a potion of lignification {unknown}
 i - 2 potions of curing {unknown}
 k - a potion of degeneration {unknown}
 l - a potion of resistance {unknown}
 n - a potion of brilliance {unknown}
 q - a potion of haste {unknown}


   Skills:
 - Level 2.0 Fighting
 + Level 4.0 Polearms
 - Level 1.7 Throwing
 - Level 2.6 Dodging


You had 2 spell levels left.
You didn't know any spells.
Your spell library contained the following spells:

 Spells                   Type           Power      Damage    Failure   Level
 Cigotuvi's Dreadful Rot  Necr/Alch/Air  0%         N/A       58%         2
 Ensorcelled Hibernation  Hex/Ice        0%         N/A       58%         2
 Passwall                 Erth           0%         N/A       82%         3
 Swiftness                Air            0%         N/A       82%         3
 Ignite Poison            Fire/Alch      0%         N/A       99%         4
 Freezing Cloud           Conj/Ice/Air   0%         6-21      100%        5


Dungeon Overview and Level Annotations

Branches:
Dungeon (2/15)

Altars:

Annotations:
D:2 Crazy Yiuf


Innate Abilities, Weirdness & Mutations

You may rarely emit foul miasma when damaged in melee.


Message History

Aim: an endoplasm (asleep, 98% to hit)
You throw a stone.
The stone hits the endoplasm but does no damage.
The endoplasm quivers.
Throw: 11 stones
Press: ? - help, Q - select action, (/) - cycle Shift-Dir - straight line, f/p - endoplasm
Aim: an endoplasm (85% to hit)
You throw a stone.
The stone hits the endoplasm but does no damage.
Throw: 10 stones
Press: ? - help, Q - select action, (/) - cycle Shift-Dir - straight line, f/p - endoplasm
Aim: an endoplasm (85% to hit)
You throw a stone. The stone hits the endoplasm.
The endoplasm is lightly wounded.
You reach to attack!
You hit the endoplasm.
You kill the endoplasm!
A bat comes into view.
The bat hits you but does no damage.
You reach to attack!
You closely miss the bat. The bat hits you but does no damage.
You reach to attack!
You hit the bat.
You kill the bat!
No target in view!
No target in view!
Found a runed translucent door.
As you open the door, it creaks loudly!
Throw: javelin
Press: ? - help, Shift-Dir - straight line, f - Crazy Yiuf
Aim: Crazy Yiuf, wielding a +3 quarterstaff of chaos and wearing a +1 cloak of willpower (60% to hit)
You throw a javelin. The javelin closely misses Crazy Yiuf.
Crazy Yiuf screams, "Line hand shoe!"
Throw: 3 throwing nets
Press: ? - help, Shift-Dir - straight line, f/p - Crazy Yiuf
Aim: Crazy Yiuf, wielding a +3 quarterstaff of chaos and wearing a +1 cloak of willpower (60% to hit)
You throw a throwing net.
The throwing net barely misses Crazy Yiuf.
Crazy Yiuf hits you with a +3 quarterstaff of chaos!
You are electrocuted!
Ouch! That really hurt!
You die...

#............#
#...#
#.....<.####.#
##.## ###...###
#.# ######..## ###
.......## #####.##
#.####♣♣ ###
#...#..♣♣ ♣♣#..)#
##......♣♣♣♣@g..(#
##......♣..♣#...#
###...♣.♣♣♣ ###
##♣♣♣♣♣


You could see Crazy Yiuf.

Vanquished Creatures
  An adder (D:2)
  A dart slug (D:2)
  3 endoplasms
  A giant cockroach (D:1)
  4 hobgoblins
  3 jackals (D:1)
  A kobold (D:1)
  2 quokkas (D:2)
  3 ball pythons
  A bat (D:2)
  2 frilled lizards (D:1)
  A goblin (D:2)
  3 rats
26 creatures vanquished.

Notes
Turn   | Place    | Note
-------+----------+-------------------------------------------
     0 | D:1      | KKCryptic the Demonspawn Gladiator began the quest for the
                  | Orb.
     0 | D:1      | Reached XP level 1. HP: 16/16 MP: 1/1
   464 | D:1      | Reached skill level 3 in Polearms
   486 | D:1      | Gained mutation: You may rarely emit foul miasma when
                  | damaged in melee. [demonic ancestry]
   486 | D:1      | Reached XP level 2. HP: 22/22 MP: 2/2
  1265 | D:2      | Found a faded altar of an unknown god.
  1561 | D:2      | Reached skill level 4 in Polearms
  1561 | D:2      | Reached XP level 3. HP: 27/27 MP: 3/3
  1790 | D:2      | Found a runed translucent door.
  1791 | D:2      | Noticed Crazy Yiuf
  1796 | D:2      | Slain by Crazy Yiuf

Illustrated notes

Levels and vault maps discovered:
D:1:      evilmike_arrival_rings, layout_basic, minmay_cupped
D:2:      minmay_wonky_spiral, layout_loops_ring,
          hellmonk_ecumenical_altar_crossroads, uniq_crazy_yiuf_cottage

Skill      XL: |  1  2 |
---------------+-------+-----
Polearms       | 3 4 |  4.0
Fighting       | |  2.0
Throwing       | |  1.7
Dodging        | |  2.6

Action                     || total
---------------------------++-------
  Melee: Trident           ||    75
  Throw: Stone             ||    19
         Javelin           ||     1
         Throwing net      ||     1
   Stab: Sleeping          ||     2
 Armour: Leather armour    ||    31
  Dodge: Dodged            ||    27
